 Dungeon Crawl Stone Soup version 0.20-a0-809-gaf7f668 (webtiles) character file.

91880 Gorglomux the Summoner (level 16, -5/129 HPs)
             Began as a Merfolk Skald on Mar 2, 2017.
             Was the Champion of Ashenzari.
             Slain by a yaktaur captain
             ... wielding a +0 quarterstaff
              (22 damage)
             ... on level 15 of the Dungeon.
             The game lasted 01:25:18 (23093 turns).

Gorglomux the Summoner (Merfolk Skald)             Turns: 23093, Time: 01:25:18

Health: -5/129     AC: 14    Str: 13    XL:     16   Next: 4%
Magic:  14/30      EV: 17    Int: 27    God:    Ashenzari [******]
Gold:   1681       SH:  0    Dex: 13    Spells: 14/36 levels left

rFire    . . .     SeeInvis +   U - +4 halberd (curse)
rCold    . . .     Gourm    .   F - +2 ring mail of Trumpets {*Corrode Int+9} (curse)
rNeg     . . .     Faith    .   (shield currently unavailable)
rPois    .         Spirit   .   S - +1 helmet (curse)
rElec    .         Reflect  .   p - +2 cloak (curse)
rCorr    .         Harm     .   h - +0 pair of gloves (curse)
MR       +....     Clarity  +   (no boots)
Stlth    ++........             r - amulet of regeneration (curse)
Regen    1.8/turn               v - ring of wizardry (curse)
MPRegen  0.3/turn               l - ring of flight

@: lethally poisoned (-5 -> -5), regenerating
A: change form in water, swift swim, stealthy swim
a: Curse Item, Scrying, Transfer Knowledge, Renounce Religion, Evoke Flight


You were on level 15 of the Dungeon.
You worshipped Ashenzari.
Ashenzari was exalted by your worship.
You were not hungry.

You visited 2 branches of the dungeon, and saw 21 of its levels.
You visited the Abyss 1 time.
You also visited: Sewer.

You collected 1681 gold pieces.

Inventory:

Hand Weapons
 w - a +5 halberd of protection
 J - a +3 glaive
 U - a cursed +4 halberd (weapon)
Missiles
 Z - a throwing net (quivered)
Armour
 h - a cursed +0 pair of gloves (worn)
 p - a cursed +2 cloak (worn)
 F - the cursed +2 ring mail of Trumpets (worn) {*Corrode Int+9}
   (You found it on level 5 of the Dungeon)

   It affects your intelligence (+9).
   It may corrode you when you take damage.
   It has a curse placed upon it.
 O - cursed quicksilver dragon scales
 S - a cursed +1 helmet (worn)
Jewellery
 l - a ring of flight (left hand)
 m - an uncursed ring of protection from magic
 r - a cursed amulet of regeneration (around neck)
 v - a cursed ring of wizardry (right hand)
Wands
 D - a wand of digging (16/24)
 E - a wand of enslavement (18/24)
 I - a wand of iceblast (7/15)
 L - a wand of lightning (8/15)
Scrolls
 n - a scroll of amnesia
 o - a scroll of fear
 s - 6 scrolls of recharging
 t - 2 scrolls of enchant weapon
 u - 2 scrolls of immolation
 B - a scroll of blinking
 H - 4 scrolls of remove curse
 M - 3 scrolls of magic mapping
 Q - 3 scrolls of fog
 R - 4 scrolls of identify
 T - 7 scrolls of teleportation
Potions
 c - 2 potions of lignification
 e - 2 potions of brilliance
 i - a potion of berserk rage
 j - 3 potions of agility
 k - 10 potions of curing
 q - 8 potions of flight
 z - 2 potions of magic
 A - 5 potions of might
 C - 3 potions of mutation
 N - 2 potions of resistance
 P - 3 potions of haste
Books
 y - a book of Power

   Spells                             Type                      Level
   a - Iskenderun's Battlesphere      Conjuration/Charms           5
   b - Venom Bolt                     Conjuration/Poison           5
   c - Bolt of Magma                  Conjuration/Fire/Earth       5
   d - Iron Shot                      Conjuration/Earth            6
   e - Orb of Destruction             Conjuration                  7
   f - Spellforged Servitor           Conjuration/Summoning        7
 G - a book of Air

   Spells                             Type                      Level
   a - Shock                          Conjuration/Air              1
   b - Swiftness                      Charms/Air                   2
   c - Static Discharge               Conjuration/Air              3
   d - Airstrike                      Air                          4
   e - Lightning Bolt                 Conjuration/Air              5
Miscellaneous
 V - a phantom mirror
 X - a phial of floods
 Y - a lamp of fire
Comestibles
 d - 14 bread rations {@e1}
 g - 17 meat rations {@e2}
 x - 9 royal jellies
 K - a fruit


   Skills:
 + Level 12.4 Fighting
 - Level 13.7(19.0) Polearms
 - Level 2.4(4.8) Armour
 - Level 9.4(12.3) Dodging
 - Level 3.4 Stealth
 + Level 10.8 Spellcasting
 - Level 6.2(9.3) Hexes
 - Level 9.0(11.9) Charms
 + Level 14.0(16.6) Summonings
 - Level 5.5(8.5) Necromancy
 - Level 5.4(8.4) Translocations


You had 14 spell levels left.
You knew the following spells:

 Your Spells              Type           Power        Failure   Level  Hunger
a - Infusion              Chrm           ####         1%          1    None
b - Animate Skeleton      Necr           N/A          1%          1    None
c - Summon Mana Viper     Hex/Summ       ######..     1%          5    ###....
d - Summon Hydra          Summ           #######...   4%          7    ######.
h - Shroud of Golubria    Chrm/Tloc      ######....   1%          2    None
R - Regeneration          Chrm/Necr      ######....   1%          3    None
W - Spectral Weapon       Hex/Chrm       ######..     1%          3    None


Dungeon Overview and Level Annotations

Branches:
Dungeon (15/15) Temple (0/1) D:4 Lair (6/6) D:8 Shoals (0/4) Lair:3 Spider (0/4) Lair:2 Slime (0/5) Lair:5 Orc (0/2) D:10 Vaults (0/5) D:13 D:14 Depths (0/5) D:15

Altars:
Ashenzari
Cheibriados
Dithmenos
Gozag
Kikubaaqudgha
Nemelex Xobeh
Trog
Wu Jian
Xom
Yredelemnul
The Shining One
Jiyva

Shops:
D:10 %   D:14 (

Portals:
Trove: D:13 (give +3 fire dragon scales)

Annotations:
D:8 Voxish's ghost, novice DrTm
Lair:6 exclusion: 3 oklob plants


Message History

Space distorts slightly along a thin shroud covering your body.
You start resting.
You feel sick.
A yaktaur captain opens the door.
It is wielding an arbalest.
The yaktaur captain unwields an uncursed arbalest.
The yaktaur captain wields an uncursed quarterstaff.
The yaktaur captain hits you with an uncursed quarterstaff!!
* * * LOW HITPOINT WARNING * * *
Your shroud falls apart!
There is an open door, spattered with blood here.
You hit the yaktaur captain.
The yaktaur captain is lightly wounded.
You feel sick.
You hit the yaktaur captain.
The yaktaur captain is lightly wounded.
The yaktaur captain hits you with an uncursed quarterstaff.
* * * LOW HITPOINT WARNING * * *
You hit the yaktaur captain but do no damage.
The yaktaur captain is lightly wounded.
The yaktaur captain hits you with an uncursed quarterstaff!!
You die...

.....#......##......##(#+###.#.#.
#.#.########)########.#(#.##.....
'#+##[($..J##.†....#...)).##..#.#
#.#.#(QY#.###.##..#'#.#...##.....
....#.T..#..#.#.#..#.......#.#.#.
.#..#.#..##.#..##.#+#...#.##.....
....#..##..,#......#......##..#..
.#..#5#.#.#+#.#(#(#####.####.....
{ * ,,+.##+#@###########.#.#. * *
* * **#..#.#c##§§≈≈§≈##..... ,
**{ #.....(##§§)(.≈##..#.. ,,,
*+#.⌠P..(#(#S(.≈##..... ,,
*,*,,#..P8P(#((#...≈##.<.<. , *
*{*+#..P⌠.(#()##(§##..>.. ,*
,{,,#......#)....(≈##..... , ,
,*, , ###.#.###....(≈####### * *
* *##'#+#.....##§#****


You could see a yaktaur captain and a friendly spectral enchanted halberd.

Vanquished Creatures
  A dire elephant (Lair:6)
  A great orb of eyes (D:15)
  A yaktaur captain (D:15)
  The ghost of Duffy the Cleaver, a journeyman DgGl (Lair:1)
  A rakshasa (D:14)
  Fannar (D:10)
  The ghost of Syneil the Spear-Bearer, a journeyman HuMo of Wu Jian (Lair:1)
  2 death knights
  8 two-headed ogres
  2 catoblepae
  10 centaur warriors
  A deep troll shaman (Lair:6)
  A tengu warrior (D:15)
  2 ogre magi (D:15)
  4 death yaks
  3 skeletal warriors (D:14)
  2 wizards
  An unseen horror (D:15)
  An unseen horror (shapeshifter) (D:15)
  A phantasmal warrior (D:15)
  2 orc knights
  A deep elf mage (D:12)
  An oklob plant (Lair:6)
  4 cyclopes
  4 manticores
  11 ugly things
  10 elephants
  Joseph (Lair:1)
  3 centaur zombies
  4 black mambas
  2 gargoyles (D:13)
  5 kobold demonologists
  4 rime drakes
  11 spiny frogs
  A freezing wraith (D:14)
  An efreet (Abyss:3)
  12 komodo dragons
  A redback zombie (D:15)
  3 trolls
  4 meliai
  A polar bear (Lair:4)
  A meliai (shapeshifter) (D:10)
  5 blink frogs (Lair:4)
  The ghost of nht the Twirler, an amateur DrGl (Sewer)
  2 hornets
  2 slime creatures (D:13)
  6 hippogriffs
  A meliai zombie (D:15)
  2 shadows
  A vampire (D:10)
  4 basilisks
  4 wraiths
  22 yaks
  4 wyverns
  Grum (Lair:1)
  A large abomination (Abyss:3)
  4 hogs (D:7)
  16 humans
  The ghost of Alarkh the Skirmisher, an amateur DsFi (D:4)
  3 hungry ghosts
  A steam dragon (Lair:4)
  2 vampire mosquitoes (D:14)
  Menkaure (D:7)
  6 water moccasins
  11 porcupines
  Purgy (Sewer)
  3 black bears
  7 orc warriors
  4 ice beasts
  6 phantoms
  3 sky beasts
  2 eyes of draining
  5 ogres
  3 necrophages
  11 wolves
  3 boggarts (D:15)
  21 centaurs
  11 crocodiles
  18 big kobolds
  18 bullfrogs
  Blork the orc (D:6)
  2 wyvern zombies
  5 scorpions
  A killer bee (D:11)
  9 wights
  2 quasits
  A howler monkey (D:5)
  5 crimson imps
  3 starcursed masses (Abyss:3)
  A wyvern simulacrum (D:14)
  4 jellies
  2 bullfrog zombies
  4 orc priests
  8 hounds
  3 bullfrog skeletons
  6 centaur skeletons
  A gnoll shaman (D:8)
  An iguana (D:3)
  11 orc wizards
  13 worker ants
  A hound zombie (D:6)
  A hound skeleton (D:11)
  5 worker ant zombies
  7 gnolls
  2 howler monkey skeletons (D:8)
  A howler monkey zombie (D:5)
  12 adders
  2 shadow imps
  An ooze (Lair:5)
  A worm (D:3)
  4 dart slugs
  16 leopard geckos
  45 orcs
  4 ball pythons
  2 bat zombies (D:4)
  3 giant cockroaches
  12 goblins
  8 hobgoblins
  10 jackals
  6 quokkas
  5 bats
  9 frilled lizards
  A jackal zombie (D:6)
  15 kobolds
  A quokka zombie (D:7)
  10 rats
  A plant (Lair:6)
617 creatures vanquished.

Vanquished Creatures (collateral kills)
  Rupert (D:13)
  A fire dragon (D:15)
  A yaktaur captain (D:15)
  6 hydras
  2 centaur warriors (D:15)
  An ogre mage (D:14)
  The ghost of Alarkh the Carver, a journeyman DsFi of Hepliaklqana (D:12)
  2 catoblepae
  A two-headed ogre (D:12)
  2 death yaks
  Urug (D:12)
  Sonja (D:12)
  A skeletal warrior (D:14)
  A deep troll (D:15)
  5 ugly things
  A cyclops (D:12)
  A centaur zombie (D:12)
  An elephant (Lair:5)
  A gargoyle (D:15)
  A troll (D:15)
  2 meliai (D:13)
  2 hornets
  A polar bear (Lair:6)
  A slime creature (D:13)
  A yak (D:12)
  A human (D:13)
  A basilisk (D:15)
  A hungry ghost (D:13)
  An orc warrior (D:12)
  2 wolves (Lair:6)
  2 centaurs
  An orc wizard (D:12)
  A shadow imp (D:12)
  3 orcs (D:12)
  2 kobolds (D:12)
54 creatures vanquished.

Vanquished Creatures (others)
  3 fungi
  3 plants (Lair:6)
  12 spectral weapons
18 creatures vanquished.

Grand Total: 689 creatures vanquished

Notes
Turn   | Place    | Note
-------+----------+-------------------------------------------
     0 | D:1      | Gorglomux the Merfolk Skald began the quest for the Orb.
     0 | D:1      | Reached XP level 1. HP: 16/16 MP: 3/3
   180 | D:1      | Reached XP level 2. HP: 21/22 MP: 0/5
   769 | D:1      | Reached XP level 3. HP: 27/27 MP: 1/6
   773 | D:1      | Learned a level 2 spell: Shroud of Golubria
  1333 | D:2      | Found a snail-covered altar of Cheibriados.
  1381 | D:2      | Reached XP level 4. HP: 33/33 MP: 2/7
  1517 | D:2      | Found a shattered altar of Ashenzari.
  1572 | D:2      | Became a worshipper of Ashenzari the Shackled
  2277 | D:3      | Reached XP level 5. HP: 29/38 MP: 3/9
  2281 | D:3      | Reached skill level 3 in Spellcasting
  3020 | D:4      | Found a glowing drain.
  3160 | Sewer    | Entered a sewer
  3171 | Sewer    | Noticed nht's ghost (amateur DrGl)
  3577 | Sewer    | Killed nht's ghost
  3577 | Sewer    | Reached skill level 6 in Polearms
  3577 | Sewer    | Reached skill level 1 in Translocations
  3577 | Sewer    | Reached XP level 6. HP: 22/44 MP: 11/11
  3621 | Sewer    | Learned a level 3 spell: Regeneration
  3623 | Sewer    | Learned a level 1 spell: Confusing Touch
  3627 | Sewer    | Learned a level 3 spell: Spectral Weapon
  3639 | Sewer    | Noticed Purgy
  3662 | Sewer    | Killed Purgy
  3662 | Sewer    | Reached XP level 7. HP: 50/50 MP: 4/13
  4184 | D:4      | Found an ancient bone altar of Kikubaaqudgha.
  4221 | D:4      | Found a staircase to the Ecumenical Temple.
  4234 | D:4      | Noticed Alarkh's ghost (amateur DsFi)
  4336 | D:4      | Killed Alarkh's ghost
  4652 | D:4      | Reached XP level 8. HP: 46/56 MP: 6/14
  4888 | D:5      | Entered Level 5 of the Dungeon
  4958 | D:5      | Reached skill level 6 in Charms
  5074 | D:5      | Found a sparkling altar of Nemelex Xobeh.
  5196 | D:5      | Reached * piety under Ashenzari
  5211 | D:5      | Reached skill level 3 in Translocations
  5389 | D:5      | Found a glowing golden altar of the Shining One.
  5871 | D:5      | Got the uncursed ring mail of Trumpets {*Corrode Int+9}
  5882 | D:5      | Identified the +2 ring mail of Trumpets {*Corrode Int+9} (You found it on level 5 of the Dungeon)
  5942 | D:6      | HP: 1/56 [orc priest/divine providence (13)]
  6188 | D:6      | Found a shimmering altar of Xom.
  6497 | D:6      | Reached XP level 9. HP: 59/61 MP: 8/17
  6584 | D:6      | Reached skill level 9 in Polearms
  6927 | D:6      | Noticed Blork the orc
  6945 | D:6      | Killed Blork the orc
  7147 | D:7      | Reached skill level 6 in Spellcasting
  7644 | D:7      | Noticed Menkaure
  7655 | D:7      | Killed Menkaure
  7678 | D:7      | Reached XP level 10. HP: 36/67 MP: 4/20
  7890 | D:7      | Reached ** piety under Ashenzari
  8002 | D:8      | Noticed Voxish's ghost (novice DrTm)
  8294 | D:8      | Reached skill level 1 in Hexes
  8590 | D:8      | Found a staircase to the Lair.
  8668 | D:8      | Reached skill level 3 in Hexes
  9102 | D:9      | Noticed a two-headed ogre
  9167 | D:9      | Killed a two-headed ogre
  9266 | D:9      | Found a bloodstained altar of Trog.
  9333 | D:9      | Reached skill level 6 in Hexes
  9372 | D:9      | Found a shadowy altar of Dithmenos.
  9372 | D:9      | Found a basalt altar of Yredelemnul.
  9433 | D:9      | Reached *** piety under Ashenzari
  9447 | D:9      | Reached skill level 1 in Necromancy
  9714 | D:9      | Found an opulent altar of Gozag.
  9758 | D:9      | Noticed a two-headed ogre
  9798 | D:9      | Killed a two-headed ogre
  9798 | D:9      | Reached skill level 3 in Necromancy
  9798 | D:9      | Reached XP level 11. HP: 32/72 MP: 10/21
  9951 | D:10     | Entered Level 10 of the Dungeon
 10060 | D:10     | Found a staircase to the Orcish Mines.
 10060 | D:10     | Noticed a fire crab
 10152 | D:10     | Found Foemuen's Food Shop.
 10205 | D:10     | Noticed Fannar
 10249 | D:10     | Killed Fannar
 10340 | D:10     | Reached skill level 3 in Dodging
 10375 | D:10     | Reached skill level 3 in Fighting
 10641 | Lair:1   | Entered Level 1 of the Lair of Beasts
 10806 | Lair:1   | Noticed Joseph
 10820 | Lair:1   | Killed Joseph
 10896 | Lair:1   | Noticed Duffy's ghost (journeyman DgGl)
 10917 | Lair:1   | Noticed Syneil's ghost (journeyman HuMo)
 10920 | Lair:1   | Killed Duffy's ghost
 10920 | Lair:1   | Reached skill level 12 in Polearms
 11060 | Lair:1   | Killed Syneil's ghost
 11060 | Lair:1   | Reached skill level 6 in Dodging
 11245 | Lair:1   | Reached XP level 12. HP: 80/86 MP: 13/22
 11318 | Lair:1   | Noticed Grum
 11329 | Lair:1   | Killed Grum
 11731 | Lair:2   | Reached **** piety under Ashenzari
 11766 | Lair:2   | Found a hole to the Spider Nest.
 11861 | Lair:2   | Reached skill level 6 in Fighting
 12199 | Lair:3   | Reached skill level 9 in Charms
 12542 | Lair:3   | Found a staircase to the Shoals.
 12770 | Lair:4   | Reached skill level 1 in Armour
 12874 | Lair:4   | Reached skill level 1 in Stealth
 12970 | Lair:4   | Reached skill level 9 in Dodging
 13005 | Lair:4   | Reached ***** piety under Ashenzari
 13185 | Lair:4   | Noticed a four-headed hydra
 13217 | Lair:3   | Learned a level 1 spell: Animate Skeleton
 13764 | Lair:5   | Noticed a catoblepas
 13770 | Lair:5   | Found a runed door.
 13772 | Lair:5   | Killed a catoblepas
 13772 | Lair:5   | Reached skill level 3 in Stealth
 13793 | Lair:5   | Found a viscous altar of Jiyva.
 13795 | Lair:5   | Found a staircase to the Slime Pits.
 13875 | Lair:5   | Learned a level 5 spell: Summon Mana Viper
 13893 | Lair:5   | Reached skill level 1 in Summonings
 13902 | Lair:5   | Noticed a catoblepas
 13905 | Lair:5   | Reached skill level 2 in Summonings
 13917 | Lair:5   | Killed a catoblepas
 13917 | Lair:5   | Reached skill level 3 in Summonings
 13943 | Lair:5   | Reached XP level 13. HP: 87/98 MP: 7/23
 13949 | Lair:5   | Reached skill level 4 in Summonings
 13959 | Lair:5   | Reached skill level 5 in Summonings
 14118 | Lair:5   | Reached skill level 6 in Summonings
 14580 | Lair:5   | Reached skill level 7 in Summonings
 14867 | Lair:6   | Entered Level 6 of the Lair of Beasts
 14919 | Lair:6   | Identified the cursed +0 robe "Riluchimp" {Int+2}
 15162 | Lair:6   | Reached skill level 8 in Summonings
 15254 | Lair:6   | Found a snail-covered altar of Cheibriados.
 15419 | Lair:6   | Reached ****** piety under Ashenzari
 15622 | Lair:6   | Reached skill level 9 in Summonings
 16013 | Lair:4   | Reached skill level 10 in Summonings
 16554 | Lair:6   | Noticed a dire elephant
 16567 | Lair:6   | Killed a dire elephant
 16567 | Lair:6   | Reached skill level 11 in Summonings
 16643 | Lair:6   | Identified the Incunabulum of Displacement and Beguiling
 16653 | Lair:6   | Learned a level 7 spell: Summon Hydra
 16771 | Lair:5   | Reached XP level 14. HP: 64/104 MP: 11/24
 18007 | D:11     | Reached skill level 9 in Fighting
 18269 | D:12     | Reached skill level 12 in Summonings
 18313 | D:12     | Noticed Sonja
 18314 | D:12     | Cast into level 3 of the Abyss (miscasting Summon Hydra)
 18457 | Abyss:3  | Noticed a starcursed mass
 18518 | D:12     | Escaped the Abyss
 18522 | D:12     | Killed Sonja
 18714 | D:12     | Noticed Urug
 18722 | D:12     | Killed Urug
 18883 | D:12     | Noticed Alarkh's ghost (journeyman DsFi)
 18894 | D:12     | Killed Alarkh's ghost
 19188 | D:13     | Found a portal to a secret trove of treasure.
 19312 | D:13     | Reached skill level 9 in Spellcasting
 19858 | D:14     | Reached XP level 15. HP: 83/117 MP: 21/28
 19975 | D:14     | Found a gate to the Vaults.
 19975 | D:14     | Noticed Rupert
 19987 | D:13     | HP: 5/117 [meliai/divine providence (14)]
 20109 | D:14     | Paralysed by Rupert for 4 turns
 20136 | D:13     | Killed Rupert
 20364 | D:15     | Entered Level 15 of the Dungeon
 20430 | D:14     | Found Qontat's Antique Weapon Shop.
 20466 | D:14     | Reached skill level 13 in Summonings
 22226 | D:15     | Found a staircase to the Depths.
 22289 | D:15     | Found a shadowy altar of Dithmenos.
 22290 | D:15     | Found an ornate altar of the Wu Jian Council.
 22290 | D:15     | Found a shadowy altar of Dithmenos.
 22320 | D:15     | Identified the +1 swamp dragon scales of Fedhas's Approval {rPois rF+ rC+ Stlth-}
 22320 | D:15     | Noticed a tengu reaver
 22388 | D:15     | Reached skill level 12 in Fighting
 22872 | D:15     | Reached skill level 14 in Summonings
 22901 | D:15     | Reached XP level 16. HP: 82/129 MP: 4/30
 23093 | D:15     | Slain by a yaktaur captain

Vault maps used:
D:1:      dpeg_arrival_tiny_j
D:2:      nicolae_ashenzari_panopticon, kennysheep_slug_shrine
D:3:      first_bread
D:4:      lemuel_zombie_altar_kikubaaqudgha, minmay_temple_entry_steel_oval,
          lightli_sewer_entry_pipes
D:5:      nemelex_xobeh_ov_fountains_minmay, overflow_temple_1_default,
          kennysheep_generic_room_7
D:6:      nicolae_overflow_crystal_walls, uniq_blork_the_orc
D:7:      grunt_livestock, uniq_menkaure
D:8:      lemuel_ice_spiral_2, lair_entry_dummy, mrwooster_statue_mirror
D:9:      minitemple, bloody_trog, minmay_misc_feat_enclosed,
          nicolae_gozag_cash_rules_everything_around_me
D:10:     orc_0_dummy, serial_shops, shop_statue, special_room, uniq_fannar
D:11:     minmay_quarter_circles
D:12:     uniq_sonja, uniq_urug
D:13:     nicolae_trove_entry_free_sample
D:14:     cheibrodos_elevator_heist, david_vaults_3, serial_shops,
          kennysheep_little_box
D:15:     hangedman_slaughterboxes
Lair:1:   uniq_joseph, uniq_grum
Lair:2:   spider_nest_entry_a, serial_bayou_shore_b
Lair:3:   minmay_shoals_entry_beasts
Lair:4:   lemuel_fruit_tree, grunt_megastairs_2
Lair:5:   slime_altar_2
Lair:6:   grunt_lair_end_beastmaster, basic_altar,
          grunt_forest_large_clearing_hut, minmay_lair_oklob_chamber
Abyss:3:  minivault_22, hangedman_abyss_river_spirits
Sewer:    sewer_co_purgy_island

Skill      XL: |  1  2  3  4  5  6  7  8  9 10 11 12 13 14 15 |
---------------+----------------------------------------------+-----
Polearms       | 4 6 7 8 10 11 12 13 | 13.7
Charms         | 4 5 7 8 9 |  9.0
Spellcasting   | 3 4 5 6 7 9 10 | 10.8
Translocations | 1 2 3 5 |  5.4
Hexes          | 6 |  6.2
Necromancy     | 3 5 |  5.5
Dodging        | 6 9 |  9.4
Fighting       | 5 7 10 12 | 12.4
Armour         | 2 |  2.4
Stealth        | 3 |  3.4
Summonings     | 3 11 12 14 | 14.0

Action                   |  1- 3 |  4- 6 |  7- 9 | 10-12 | 13-15 | 16-18 || total
-------------------------+-------+-------+-------+-------+-------+-------++-------
Melee: Spear             |   112 |   264 |   368 |       |       |       ||   744
       Tailslap          |       |     9 |     2 |       |       |       ||    11
       Halberd           |       |       |    82 |   515 |  1017 |    19 ||  1633
 Cast: Infusion          |    24 |    24 |    40 |    30 |     4 |       ||   122
       Shroud of Golubri |     1 |     4 |     8 |    14 |    14 |     1 ||    42
       Regeneration      |       |       |     8 |    54 |    98 |     2 ||   162
       Spectral Weapon   |       |       |    10 |    60 |    92 |     2 ||   164
       Animate Skeleton  |       |       |       |     3 |    20 |       ||    23
       Summon Mana Viper |       |       |       |     1 |    33 |     2 ||    36
       Summon Hydra      |       |       |       |       |    39 |       ||    39
Invok: Curse Item        |       |     2 |     1 |     5 |       |       ||     8
       Scrying           |       |       |       |     1 |     2 |       ||     3
  Use: Scroll            |       |       |    10 |    15 |    10 |       ||    35
       Potion            |       |       |       |       |     1 |       ||     1
 Stab: Sleeping          |     1 |       |       |     1 |     8 |       ||    10
       Distracted        |       |       |     1 |     5 |    25 |       ||    31
       Petrified         |       |       |       |       |     5 |       ||     5
       Petrifying        |       |       |       |       |     1 |       ||     1
  Eat: Chunk             |     2 |     6 |    14 |    24 |    49 |     3 ||    98
       Royal jelly       |       |       |     1 |     1 |     1 |       ||     3
       Meat ration       |       |       |       |       |     1 |       ||     1
       Bread ration      |       |       |       |       |     1 |       ||     1
Armor: Leather armour    |    17 |    27 |    32 |       |       |       ||    76
       Ring mail         |       |       |    54 |    97 |   297 |    11 ||   459
Dodge: Dodged            |    42 |    56 |   131 |   138 |   598 |    14 ||   979
